Unix NetHack Version 7.0.0 - last build Mar 10 2022 02:09:06 (b0ede05635d003aa7590834c400c1b844a9ff76b). Game began 2022-03-10 09:18:58, ended 2022-03-16 14:16:59. breadmaster, lawful female human Valkyrie ------ ----.|..| |........------ --.............-- -................-- ---|.....)...|..@-....| --.---.)...%..---.a...-- |...|-....... ---.%---- |...|.%..... --..... ---....... ------ ---...... --.^.... |....... ---...... --....- --....| ---....-- |......| |.|....| ----..- ---- Breadmaster the Fighter St:18 Dx:12 Co:16 In:11 Wi:9 Ch:10 Lawful S:1670 Dlvl:8 $:32 HP:0(51) Pw:14(14) AC:0 Xp:6/322 T:3101 Latest messages: You kill the gnome lord! O - a yellowish brown gem {1}. There is a gnome lord corpse here; eat it? [ynq] (n) y This gnome lord corpse tastes terrible! You feel less confused now. You stop eating the gnome lord corpse. You are hit by a crossbow bolt. You are almost hit by a crossbow bolt. The gnome shoots 2 crossbow bolts! The 1st crossbow bolt hits the gnome lord! The 2nd crossbow bolt hits the gnome lord. You gash the gnome lord! The gnome lord punches you! You kill the gnome lord! You see here 2 white gems. The gnome shoots 2 crossbow bolts! The 1st crossbow bolt misses you. You are hit by the 2nd crossbow bolt! Valkyrie, your life force is running out. You hit the gnome. The gnome shoots 2 crossbow bolts! You are almost hit by the 1st crossbow bolt. You are almost hit by the 2nd crossbow bolt. You kill the gnome! What do you want to eat? [d or ?*] Never mind. P - 2 white gems {2}. You hear crashing rock. Are you waiting to get hit? Use 'm' prefix to force a no-op (to rest). Are you waiting to get hit? Use 'm' prefix to force a no-op (to rest). You kill the gnome! Q - a green gem {1}. There is a gnome corpse here; eat it? [ynq] (n) y This gnome corpse tastes okay. You stop eating the gnome corpse. The gnome punches you! You kill the gnome! Welcome to experience level 6. There is a partly eaten gnome corpse here; eat it? [ynq] (n) y You resume your meal. You stop eating the gnome corpse. The soldier ant bites! The soldier ant just misses! The soldier ant misses! The soldier ant just misses! You see here a partly eaten gnome corpse. The soldier ant bites! The soldier ant stings! You die... Do you want your possessions identified? [ynq] (y) q Major events: Turn 1: breadmaster the lawful human Valkyrie entered the dungeon 60: hit with a wielded weapon for the first time 60: killed for the first time 106: ate for the first time - goblin corpse 106: consumed animal products for the first time, by eating a goblin corpse 144: eschewed atheism, by dropping a bone orcish dagger on an altar 152: entered new level 2, The Dungeons of Doom 276: gained experience level 2 329: entered new level 3, The Dungeons of Doom 693: attained the rank of Skirmisher (level 3) 1079: entered new level 4, The Dungeons of Doom 1153: entered new level 1, The Gnomish Mines 1153: entered the Gnomish Mines 1485: gained experience level 4 1597: entered a shop 2339: gained experience level 5 2377: entered new level 2, The Gnomish Mines 2785: became literate by reading the fortune inside a cookie 3010: entered new level 5, The Gnomish Mines 3094: attained the rank of Fighter (level 6) Inventory: Inventory: 687/900 weight (43/52 slots) Coins $ - 32 gold pieces {1} Weapons n - 11 corrodeproof +0 silver arrows {11} D - a cursed +0 copper arrow {1} N - 2 +0 platinum crossbow bolts {2} E - a blessed +1 dagger {10} b - a blessed +0 dagger (alternate weapon; not wielded) {10} L - 3 +0 daggers {30} p - a +1 wooden dagger {3} v - a +0 wooden dagger {3} q - a +0 elven dagger {10} w - a +0 orcish dagger {10} i - a +0 bone orcish dagger {3} f - a +0 stone orcish dagger {8} a - a thoroughly rusty +1 long sword (weapon in hand) {40} Armor k - an uncursed +1 orcish helm (being worn) {23} J - an uncursed +0 pair of dwarvish boots {50} y - an uncursed corroded +0 pair of dwarvish boots {50} c - an uncursed +3 small shield (being worn) {23} K - a blessed +1 dwarvish cloak {10} z - an uncursed +0 dwarvish cloak {10} j - an uncursed +0 orcish cloak (being worn) {8} x - an uncursed +2 plastic light armor (being worn) {150} Comestibles d - 4 uncursed food rations {80} Scrolls G - an uncursed scroll of create monster {5} u - a cursed scroll of earth {5} s - a blessed scroll of identify {5} A - an uncursed scroll of teleportation {5} o - a blessed scroll of water {5} Potions F - a blessed potion of fruit juice {20} I - a blessed potion of gain ability {20} r - an uncursed potion of paralysis {20} l - an uncursed potion of restore ability {20} Tools g - an uncursed blindfold {2} e - an uncursed oil lamp (lit) {20} H - an uncursed tallow candle {2} h - an uncursed towel {2} Gems/Stones M - 2 uncursed agate stones {2} t - an uncursed aquamarine stone {1} m - an uncursed dilithium crystal {1} P - 2 uncursed opals {2} C - an uncursed worthless piece of black glass {1} Q - an uncursed worthless piece of green glass {1} B - 2 uncursed worthless pieces of red glass {2} O - an uncursed worthless piece of yellowish brown glass {1} Breadmaster the Valkyrie's attributes: Background: You were a Fighter, a level 6 human Valkyrie. You were lawful, on a mission for Tyr who was opposed by Odin (neutral) and Loki (chaotic). You were heterosexual. You were in the Gnomish Mines, on level 8. You entered the dungeon 3101 turns ago. You had 322 experience points, 318 more were needed to attain level 7. Your score was 1670 before end-of-game adjustments. Basics: You had 0 out of 51 hit points. You had all 14 energy points (spell power). Your armor class was 0. Your wallet contained 32 zorkmids. Autopickup was off. Final Characteristics: Your strength was 18 (peak:18/01, limit:18/100). Your dexterity was 12 (limit:18). Your constitution was 16 (limit:18). Your intelligence was 11 (limit:18). Your wisdom was 9 (limit:18). Your charisma was 10 (limit:18). Final Status: You were not hungry. You were unencumbered. You were wielding a long sword. You were skilled in long sword. Final Attributes: You were piously aligned. You were cold resistant. You were stealthy. You were warded. You are dead. Miscellaneous: You never encountered a bones level. Total elapsed playing time was 3 hours, 50 minutes and 11 seconds. Vanquished creatures: 4 gnome leaders a kitten 2 dwarves a giant bat 2 dwarf zombies 2 coyotes a gas spore 2 hobbits a large kobold 3 giant rats 21 gnomes a gecko 3 jackals a fox a kobold 5 goblins 4 grid bugs 2 lichens a kobold zombie 6 newts 64 creatures vanquished. No species were genocided or became extinct. Voluntary challenges: You read items or engraved 1 time. You never genocided any monsters. You never polymorphed an object. You never changed form. You never touched an artifact. You used no wishes. You never scared an enemy with impunity. You were celibate. You never generated conflict. Achievements: You attained the rank of Skirmisher. You entered the Gnomish Mines. You entered a shop. You attained the rank of Fighter. The Dungeons of Doom: levels 1 to 4 Level 1: An altar to Tyr. Level 2: Some trees. Level 3: An armor shop. Stairs down to The Gnomish Mines. Level 4: The Gnomish Mines: levels 4 to 8 Level 4: Level 5: Level 8: <- You were here. Final resting place for you, killed by a soldier ant. Game over: __________ / \ / REST \ / IN \ / PEACE \ / \ | breadmaster | | 32 Au | | killed by a | | soldier ant | | | | | | 2022 | *| * * * | * _________)/\\_//(\/(/\)/\//\/|_)_______ Farvel breadmaster the Valkyrie... You died in The Gnomish Mines on dungeon level 8 with 1667 points, and 32 pieces of gold, after 3101 moves. You were level 6 with a maximum of 51 hit points when you died.